Knights vs Tamiflu
Created - 28 octobre 2016 at 00:10
Goals
|
| Knights |
1 |
1 |
0 |
2 |
| Tamiflu |
0 |
0 |
1 |
1 |
|
Shots
|
| Knights |
11 |
8 |
12 |
31 |
| Tamiflu |
8 |
5 |
18 |
31 |
|
1st period
1. Knights , Michael Raffl 1 (Chris Thorburn, Zack Hamill) at 7:27 (PP)
Penalties :
Colin Greening (Det) for Hooking (Minor) at 0:54, Petr Pohl (Det) for Tripping (Minor) at 7:02, Chris Thorburn (Lon) for High sticking (Minor) at 18:11
2nd period
2. Knights , Chris Thorburn 3 (Zack Hamill) at 0:46
Penalties :
Nino Niederreiter (Det) for Holding (Minor) at 0:55, Petr Pohl (Det) for Goalie Interference (Minor) at 11:23
3rd period
3. Tamiflu , Tye McGinn 1 (Jamie Arniel, Petr Pohl) at 17:20 (PP)
Penalties :
Adam Larsson (Det) for Hooking (Minor) at 3:07, Adam Larsson (Det) for Hooking (Minor) at 8:16, James Wright (Lon) for Slashing (Minor) at 15:17, Cody Bass (Lon) for Interference (Minor) at 16:21, Petr Pohl (Det) for Holding Stick (Minor) at 19:19
Goalie Stats
Jacob Markstrom (Lon), 30 saves from 31 shots - (0,968), W, 1-0-1, 60:00 minutes
Thomas Greiss (Det), 29 saves from 31 shots - (0,935), L, 1-1-0, 60:00 minutes
Players Stats for Knights
Player Name G A P +/- PIM S H SB GA TA FO MP PP MP PK MP
------------------------------------------------------------------------------------
A.J. Jenks 0 0 0 0 0 1 0 0 1 1 0/0 9:04 0:00 0:00
Brett Connolly 0 0 0 0 0 0 0 0 0 0 0/0 9:04 0:00 0:00
Chris Thorburn 1 1 2 1 2 6 0 0 2 1 0/0 20:06 5:09 0:53
Cody Bass 0 0 0 0 2 1 2 0 1 0 3/5 11:36 1:19 1:34
James Wright 0 0 0 0 2 4 1 1 0 0 10/23 18:00 4:29 1:07
Jason Zucker 0 0 0 1 0 3 1 0 1 0 0/1 18:41 4:24 0:53
Joe Colborne 0 0 0 0 0 1 0 0 1 0 4/8 11:26 0:00 1:13
Josh Jooris 0 0 0 0 0 0 1 1 0 0 0/0 11:31 1:23 0:00
Kevin Hayes 0 0 0 0 0 2 0 0 0 0 0/0 16:09 4:28 0:00
Michael Raffl 1 0 1 0 0 4 0 1 1 0 0/1 19:05 5:43 1:14
Michael Stone 0 0 0 0 0 0 1 2 1 0 0/0 19:42 5:32 0:58
Nikita Nikitin 0 0 0 1 0 0 2 2 2 1 0/0 23:19 5:28 0:14
Ronalds Kenins 0 0 0 0 0 2 2 0 0 0 0/1 11:18 0:53 0:03
Scott Jackson 0 0 0 1 0 3 0 1 1 1 0/0 21:19 5:32 1:12
Scott Lehman 0 0 0 0 0 1 0 0 0 0 0/0 13:03 0:00 0:00
Tomas Kundratek 0 0 0 0 0 1 1 4 0 0 0/0 25:38 5:28 2:50
Zach Trotman 0 0 0 0 0 1 3 0 0 0 0/0 16:59 0:00 2:50
Zack Hamill 0 2 2 1 0 1 1 0 2 0 12/25 19:00 5:12 0:11
Players Stats for Tamiflu
Player Name G A P +/- PIM S H SB GA TA FO MP PP MP PK MP
------------------------------------------------------------------------------------
Adam Larsson 0 0 0 -1 4 3 5 0 0 1 0/0 21:59 1:31 3:37
Casey Wellman 0 0 0 0 0 0 0 0 0 0 2/3 6:33 0:00 0:00
Colin Greening 0 0 0 0 2 2 3 0 0 0 3/6 10:25 0:00 0:22
Greg Mauldin 0 0 0 -1 0 1 1 0 0 0 17/28 18:34 2:23 1:26
Jamie Arniel 0 1 1 0 0 2 1 0 0 1 6/12 18:34 1:39 3:18
Jan Mursak 0 0 0 0 0 3 1 0 0 1 5/10 12:57 0:00 6:22
Jordan Hendry 0 0 0 0 0 2 2 2 1 2 0/0 25:36 2:31 5:21
Justin Braun 0 0 0 0 0 0 0 0 0 0 0/0 12:24 0:00 1:38
Mattias Tedenby 0 0 0 0 0 1 0 0 0 0 0/0 9:58 0:00 0:00
Mike Duco 0 0 0 0 0 2 2 2 0 2 0/2 16:16 0:00 6:18
Nathan Oystrick 0 0 0 -1 0 2 0 3 1 3 0/0 20:28 0:00 5:39
Nino Niederreiter 0 0 0 0 2 0 1 0 0 0 1/1 18:52 2:23 2:38
Petr Pohl 0 1 1 -1 6 4 2 0 1 0 1/2 16:06 1:39 0:00
Philip Samuelsson 0 0 0 0 0 2 3 2 0 1 0/0 26:47 2:31 5:16
Rich Clune 0 0 0 0 0 2 0 0 0 0 0/0 6:51 0:00 0:18
Robert Dome 0 0 0 0 0 1 2 1 1 0 0/0 16:08 2:23 0:00
Stefan Elliott 0 0 0 0 0 1 0 0 0 2 0/0 13:09 1:31 0:29
Tye McGinn 1 0 1 -1 0 3 2 0 0 0 0/0 17:16 1:39 1:18
3 Stars
1 - Jacob Markstrom (Lon)
2 - Zack Hamill (Lon)
3 - Chris Thorburn (Lon)
Power Play
Knights - 1 on 7 Attempt(s) - 14,29%
Tamiflu - 1 on 3 Attempt(s) - 33,33%
Penalty Kill
Knights - 2 on 3 Attempt(s) - 66,67%
- Score 0 goal in Penalty Kill
Tamiflu - 6 on 7 Attempt(s) - 85,71%
- Score 0 goal in Penalty Kill
Team Stat
Knights - Hits : 15 - Faceoff Wins : 29 - Blocked Shots : 12 - Penalty Minutes : 6
Tamiflu - Hits : 25 - Faceoff Wins : 35 - Blocked Shots : 10 - Penalty Minutes : 14
Official
Referees : StLaurent Francois and Hasenfratz Mike
Linesman : Thor Nelson and Mark Pare
Game Notes
15:54 of 3rd period - Tamiflu goal is going for a video replay. After video review, No Goal. The attacking player has interfered with a goalkeeper in his goal crease.
Finance
Level 1 -- Attendance: 1350 (67,50%) -- Ticket Income 40 500 $
Level 2 -- Attendance: 753 (75,30%) -- Ticket Income 9 036 $
Total Attendance: 2103 (70,10%)
Total Ticket Income: 49 536 $
Other Income: 2 477 $
Total Income: 52 013 $
Knights
5 vs 5 Forward
Center Left Wing Right Wing Time % Phy DF OF
1 Zack Hamill Jason Zucker Chris Thorburn 31 1 2 2
2 James Wright Michael Raffl Kevin Hayes 29 1 2 2
3 Joe Colborne Ronalds Kenins Josh Jooris 25 1 2 2
4 Cody Bass A.J. Jenks Brett Connolly 15 1 2 2
5 vs 5 Defense
Defense Defense Time % Phy DF OF
1 Tomas Kundratek Zach Trotman 35 1 3 1
2 Scott Jackson Nikita Nikitin 30 1 2 2
3 Scott Lehman Michael Stone 22 1 2 2
4 Tomas Kundratek Nikita Nikitin 13 1 2 2
PowerPlay Forward
Center Left Wing Right Wing Time % Phy DF OF
1 Zack Hamill Michael Raffl Chris Thorburn 60 0 0 5
2 James Wright Jason Zucker Kevin Hayes 40 0 0 5
PowerPlay Defense
Defense Defense Time % Phy DF OF
1 Nikita Nikitin Tomas Kundratek 60 1 1 3
2 Michael Stone Scott Jackson 40 1 1 3
Penalty Kill 4 Players Forward
Center Wing Time % Phy DF OF
1 James Wright Chris Thorburn 60 0 4 1
2 Cody Bass Michael Raffl 40 0 4 1
Penalty Kill 4 Players Defense
Defense Defense Time % Phy DF OF
1 Tomas Kundratek Zach Trotman 60 1 4 0
2 Scott Jackson Michael Stone 40 1 4 0
Penalty Kill - 3 Players Forward
Forward Time % Phy DF OF
1 James Wright 60 0 4 1
2 Chris Thorburn 40 0 4 1
Penalty Kill - 3 Players Defense
Defense Defense Time % Phy DF OF
1 Tomas Kundratek Zach Trotman 60 0 4 1
2 Nikita Nikitin Scott Jackson 40 0 4 1
4 vs 4 Forward
Center Wing Time % Phy DF OF
1 Zack Hamill Jason Zucker 60 1 2 2
2 James Wright Chris Thorburn 40 1 2 2
4 vs 4 Defense
Defense Defense Time % Phy DF OF
1 Nikita Nikitin Tomas Kundratek 60 1 2 2
2 Zach Trotman Scott Jackson 40 1 2 2
Last Minutes Offensive
Center Left Wing Right Wing Defense Defense
Zack Hamill Michael Raffl Chris Thorburn Tomas Kundratek Nikita Nikitin
Last Minutes Defensive
Center Left Wing Right Wing Defense Defense
James Wright Michael Raffl Chris Thorburn Tomas Kundratek Nikita Nikitin
Goaltenders
Starting : Jacob Markstrom
Backup : Connor Knapp
Extra Forwards
Normal : Chris Thorburn, Michael Raffl, James Wright - PP : James Wright, Chris Thorburn - PK : James Wright
Extra Defensemen
Normal : Nikita Nikitin, Scott Jackson, Tomas Kundratek - PP : Tomas Kundratek - PK : Nikita Nikitin, Tomas Kundratek
Penalty Shots
Kevin Hayes, Michael Raffl, Chris Thorburn, James Wright, Joe Colborne
Tamiflu
5 vs 5 Forward
Center Left Wing Right Wing Time % Phy DF OF
1 Greg Mauldin Tye McGinn Petr Pohl 35 1 2 2
2 Jamie Arniel Robert Dome Nino Niederreiter 35 1 2 2
3 Colin Greening Mike Duco Mattias Tedenby 20 1 2 2
4 Casey Wellman Rich Clune Jan Mursak 10 1 2 2
5 vs 5 Defense
Defense Defense Time % Phy DF OF
1 Philip Samuelsson Jordan Hendry 40 1 2 2
2 Nathan Oystrick Adam Larsson 30 1 2 2
3 Justin Braun Stefan Elliott 20 1 2 2
4 Philip Samuelsson Adam Larsson 10 1 2 2
PowerPlay Forward
Center Left Wing Right Wing Time % Phy DF OF
1 Greg Mauldin Robert Dome Nino Niederreiter 60 1 2 2
2 Jamie Arniel Tye McGinn Petr Pohl 40 1 2 2
PowerPlay Defense
Defense Defense Time % Phy DF OF
1 Philip Samuelsson Jordan Hendry 60 1 2 2
2 Stefan Elliott Adam Larsson 40 1 2 2
Penalty Kill 4 Players Forward
Center Wing Time % Phy DF OF
1 Jan Mursak Mike Duco 60 1 2 2
2 Jamie Arniel Nino Niederreiter 40 1 2 2
Penalty Kill 4 Players Defense
Defense Defense Time % Phy DF OF
1 Nathan Oystrick Adam Larsson 50 1 2 2
2 Philip Samuelsson Jordan Hendry 50 1 2 2
Penalty Kill - 3 Players Forward
Forward Time % Phy DF OF
1 Mike Duco 60 1 2 2
2 Nino Niederreiter 40 1 2 2
Penalty Kill - 3 Players Defense
Defense Defense Time % Phy DF OF
1 Nathan Oystrick Jordan Hendry 60 1 2 2
2 Philip Samuelsson Adam Larsson 40 1 2 2
4 vs 4 Forward
Center Wing Time % Phy DF OF
1 Greg Mauldin Petr Pohl 50 1 2 2
2 Robert Dome Nino Niederreiter 50 1 2 2
4 vs 4 Defense
Defense Defense Time % Phy DF OF
1 Philip Samuelsson Jordan Hendry 60 1 2 2
2 Nathan Oystrick Stefan Elliott 40 1 2 2
Last Minutes Offensive
Center Left Wing Right Wing Defense Defense
Greg Mauldin Robert Dome Petr Pohl Philip Samuelsson Jordan Hendry
Last Minutes Defensive
Center Left Wing Right Wing Defense Defense
Jamie Arniel Mike Duco Nino Niederreiter Philip Samuelsson Nathan Oystrick
Goaltenders
Starting : Thomas Greiss
Backup : Joe Fallon
Extra Forwards
Normal : Petr Pohl, Nino Niederreiter, Mattias Tedenby - PP : Mattias Tedenby, Mike Duco - PK : Greg Mauldin
Extra Defensemen
Normal : Philip Samuelsson, Adam Larsson, Stefan Elliott - PP : Nathan Oystrick - PK : Justin Braun, Stefan Elliott
Penalty Shots
Mattias Tedenby, Jamie Arniel, Jan Mursak, Robert Dome, Greg Mauldin
% Time on Ice - Knights
Lines # - Real PCT - Wanted PCT - Time Play
Normal Forward
1 - 31% - 31% - 13:51
2 - 26% - 29% - 11:50
3 - 23% - 25% - 10:13
4 - 20% - 15% - 9:04
Normal Defense
1 - 35% - 35% - 15:51
2 - 29% - 30% - 13:10
3 - 29% - 22% - 13:03
4 - 6% - 13% - 2:54
PP Forward
1 - 57% - 60% - 6:18
2 - 43% - 40% - 4:42
PP Defense
1 - 50% - 60% - 5:28
2 - 50% - 40% - 5:32
PK Forward
1 - 100% - 60% - 3:07
2 - 0% - 40% - 0:00
PK Defense
1 - 67% - 60% - 2:05
2 - 33% - 40% - 1:02
PK3 Forward
1 - 100% - 60% - 0:55
2 - 0% - 40% - 0:00
PK3 Defense
1 - 82% - 60% - 0:45
2 - 18% - 40% - 0:10
44 Forward
1 - 0% - 60%
2 - 0% - 40%
44 Defense
1 - 0% - 60%
2 - 0% - 40%
Last Minute Offensive - 0:00
Last Minute Defensive - 0:00
Total
Forward - 60:00
Defense - 60:00
|
% Time on Ice - Tamiflu
Lines # - Real PCT - Wanted PCT - Time Play
Normal Forward
1 - 33% - 35% - 14:34
2 - 30% - 35% - 13:37
3 - 22% - 20% - 9:58
4 - 15% - 10% - 6:33
Normal Defense
1 - 39% - 40% - 17:23
2 - 32% - 30% - 14:05
3 - 24% - 20% - 10:41
4 - 6% - 10% - 2:33
PP Forward
1 - 59% - 60% - 2:23
2 - 41% - 40% - 1:39
PP Defense
1 - 62% - 60% - 2:31
2 - 38% - 40% - 1:31
PK Forward
1 - 70% - 60% - 7:42
2 - 30% - 40% - 3:18
PK Defense
1 - 52% - 50% - 5:44
2 - 48% - 50% - 5:16
PK3 Forward
1 - 0% - 60%
2 - 0% - 40%
PK3 Defense
1 - 0% - 60%
2 - 0% - 40%
44 Forward
1 - 0% - 50%
2 - 0% - 50%
44 Defense
1 - 0% - 60%
2 - 0% - 40%
Last Minute Offensive - 0:16
Last Minute Defensive - 0:00
Total
Forward - 60:00
Defense - 60:00
|
Play by Play
1st period
0:01 of 1st period - Greg Mauldin wins face-off versus Zack Hamill in neutral zone.
0:10 of 1st period - Wrist shot by Tye McGinn.
0:10 of 1st period - Shot Blocked by Tomas Kundratek.
0:54 of 1st period - Minor Penalty to Colin Greening for Hooking.
0:55 of 1st period - Zack Hamill wins face-off versus Jan Mursak in Tamiflu zone.
2:33 of 1st period - Icing by Jason Zucker.
2:34 of 1st period - Jamie Arniel wins face-off versus Jason Zucker in Knights zone.
2:54 of 1st period - Penalty to Colin Greening is over, Colin Greening is back on ice.
4:09 of 1st period - Nathan Oystrick is hit by Jason Zucker and loses puck.
5:48 of 1st period - Nikita Nikitin is hit by Adam Larsson and loses puck.
6:01 of 1st period - Jamie Arniel is hit by Zach Trotman and loses puck.
6:32 of 1st period - Tomas Kundratek is hit by Jan Mursak and loses puck.
6:39 of 1st period - Slapshot by Jan Mursak.
6:39 of 1st period - Stopped by Jacob Markstrom with a rebound.
7:02 of 1st period - Minor Penalty to Petr Pohl for Tripping.
7:03 of 1st period - Jan Mursak wins face-off versus Michael Raffl in Tamiflu zone.
7:11 of 1st period - Snap shot by Chris Thorburn.
7:11 of 1st period - Stopped by Thomas Greiss with a rebound.
7:13 of 1st period - Backhand shot by Zack Hamill.
7:13 of 1st period - Shot Misses the Net.
7:15 of 1st period - Wrist shot by Chris Thorburn.
7:15 of 1st period - Stopped by Thomas Greiss with a rebound.
7:17 of 1st period - Slapshot by Scott Jackson.
7:17 of 1st period - Deflect By Mike Duco.
7:17 of 1st period - Stopped by Thomas Greiss without a rebound.
7:18 of 1st period - Zack Hamill wins face-off versus Jan Mursak in Tamiflu zone.
7:23 of 1st period - Snap shot by Chris Thorburn.
7:23 of 1st period - Stopped by Thomas Greiss with a rebound.
7:25 of 1st period - Wrist shot by Michael Raffl.
7:25 of 1st period - Stopped by Thomas Greiss with a rebound.
7:27 of 1st period - Snap shot by Michael Raffl.
7:27 of 1st period - Goal by Michael Raffl - Knights : 1 - Tamiflu : 0.
7:28 of 1st period - James Wright wins face-off versus Jamie Arniel in neutral zone.
7:58 of 1st period - Wrist shot by Zack Hamill.
7:58 of 1st period - Shot Misses the Net.
8:00 of 1st period - Wrist shot by Chris Thorburn.
8:00 of 1st period - Shot Blocked by Philip Samuelsson.
9:07 of 1st period - Wrist shot by Michael Raffl.
9:07 of 1st period - Deflect By James Wright.
9:07 of 1st period - Stopped by Thomas Greiss without a rebound.
9:08 of 1st period - Nino Niederreiter wins face-off versus Zack Hamill in Tamiflu zone.
9:15 of 1st period - Scott Lehman is hit by Jordan Hendry and loses puck.
10:19 of 1st period - Icing by Cody Bass.
10:20 of 1st period - Casey Wellman wins face-off versus Cody Bass in Knights zone.
10:21 of 1st period - Snap shot by Jan Mursak.
10:21 of 1st period - Stopped by Jacob Markstrom with a rebound.
10:23 of 1st period - Slapshot by Adam Larsson.
10:23 of 1st period - Stopped by Jacob Markstrom with a rebound.
10:33 of 1st period - Wrist shot by Rich Clune.
10:33 of 1st period - Deflect By Jan Mursak.
10:33 of 1st period - Shot Misses the Net.
10:33 of 1st period - Puck is out of play.
10:34 of 1st period - Jamie Arniel wins face-off versus Zack Hamill in Knights zone.
11:01 of 1st period - Tomas Kundratek is hit by Adam Larsson.
11:09 of 1st period - Slapshot by Petr Pohl.
11:09 of 1st period - Stopped by Jacob Markstrom with a rebound.
11:29 of 1st period - Nikita Nikitin is hit by Colin Greening and loses puck.
12:30 of 1st period - Slapshot by James Wright.
12:30 of 1st period - Stopped by Thomas Greiss with a rebound.
13:12 of 1st period - Snap shot by Casey Wellman.
13:12 of 1st period - Shot Misses the Net.
13:46 of 1st period - Snap shot by Petr Pohl.
13:46 of 1st period - Shot Misses the Net.
13:48 of 1st period - Snap shot by Petr Pohl.
13:48 of 1st period - Stopped by Jacob Markstrom without a rebound.
13:49 of 1st period - James Wright wins face-off versus Greg Mauldin in Knights zone.
14:46 of 1st period - Wrist shot by Mattias Tedenby.
14:46 of 1st period - Shot Blocked by Nikita Nikitin.
15:02 of 1st period - Backhand shot by Jan Mursak.
15:02 of 1st period - Stopped by Jacob Markstrom without a rebound.
15:03 of 1st period - James Wright wins face-off versus Greg Mauldin in Knights zone.
15:08 of 1st period - Slapshot by Michael Raffl.
15:08 of 1st period - Stopped by Thomas Greiss without a rebound.
15:09 of 1st period - Petr Pohl wins face-off versus James Wright in Tamiflu zone.
16:07 of 1st period - Snap shot by Jan Mursak.
16:07 of 1st period - Deflect By Rich Clune.
16:07 of 1st period - Stopped by Jacob Markstrom with a rebound.
16:09 of 1st period - Wrist shot by Jan Mursak.
16:09 of 1st period - Shot Blocked by Michael Stone.
16:11 of 1st period - Wrist shot by Jan Mursak.
16:11 of 1st period - Shot Misses the Net.
16:33 of 1st period - Slapshot by Cody Bass.
16:33 of 1st period - Stopped by Thomas Greiss with a rebound.
17:28 of 1st period - Wrist shot by Mattias Tedenby.
17:28 of 1st period - Shot Misses the Net.
17:34 of 1st period - Snap shot by Mike Duco.
17:34 of 1st period - Stopped by Jacob Markstrom with a rebound.
17:43 of 1st period - Icing by Nikita Nikitin.
17:44 of 1st period - James Wright wins face-off versus Jamie Arniel in Knights zone.
17:44 of 1st period - James Wright is hit by Jordan Hendry.
17:50 of 1st period - Slapshot by Nikita Nikitin.
17:50 of 1st period - Shot Blocked by Jordan Hendry.
17:52 of 1st period - Snap shot by Kevin Hayes.
17:52 of 1st period - Shot Blocked by Robert Dome.
17:54 of 1st period - Snap shot by Scott Jackson.
17:54 of 1st period - Stopped by Thomas Greiss without a rebound.
17:55 of 1st period - Zack Hamill wins face-off versus Greg Mauldin in Tamiflu zone.
18:02 of 1st period - Wrist shot by Chris Thorburn.
18:02 of 1st period - Deflect By Zack Hamill.
18:02 of 1st period - Shot Misses the Net.
18:02 of 1st period - Puck is out of play.
18:03 of 1st period - Greg Mauldin wins face-off versus Zack Hamill in Tamiflu zone.
18:11 of 1st period - Minor Penalty to Chris Thorburn for High sticking.
18:12 of 1st period - Greg Mauldin wins face-off versus James Wright in Knights zone.
Goals for this period are 1 for Knights vs 0 for Tamiflu.
Shots for this period are 11 for Knights vs 8 for Tamiflu.
2nd period
0:01 of 2nd period - Greg Mauldin wins face-off versus James Wright in neutral zone.
0:03 of 2nd period - Off-side.
0:04 of 2nd period - Greg Mauldin wins face-off versus James Wright in neutral zone.
0:11 of 2nd period - Penalty to Chris Thorburn is over, Chris Thorburn is back on ice.
0:36 of 2nd period - Snap shot by Joe Colborne.
0:36 of 2nd period - Stopped by Thomas Greiss without a rebound.
0:37 of 2nd period - Zack Hamill wins face-off versus Petr Pohl in Tamiflu zone.
0:46 of 2nd period - Snap shot by Chris Thorburn.
0:46 of 2nd period - Goal by Chris Thorburn - Knights : 2 - Tamiflu : 0.
0:47 of 2nd period - Jamie Arniel wins face-off versus Zack Hamill in neutral zone.
0:55 of 2nd period - Minor Penalty to Nino Niederreiter for Holding.
0:56 of 2nd period - Zack Hamill wins face-off versus Jan Mursak in Tamiflu zone.
0:56 of 2nd period - Snap shot by Michael Raffl.
0:56 of 2nd period - Shot Blocked by Mike Duco.
0:58 of 2nd period - Snap shot by Zack Hamill.
0:58 of 2nd period - Stopped by Thomas Greiss with a rebound.
1:00 of 2nd period - Backhand shot by Chris Thorburn.
1:00 of 2nd period - Stopped by Thomas Greiss without a rebound.
1:01 of 2nd period - Jan Mursak wins face-off versus Zack Hamill in Tamiflu zone.
1:01 of 2nd period - Jan Mursak is hit by Tomas Kundratek.
1:09 of 2nd period - Slapshot by Philip Samuelsson.
1:09 of 2nd period - Stopped by Jacob Markstrom without a rebound.
1:10 of 2nd period - Jan Mursak wins face-off versus Zack Hamill in Knights zone.
1:11 of 2nd period - Snap shot by Mike Duco.
1:11 of 2nd period - Stopped by Jacob Markstrom without a rebound.
1:12 of 2nd period - Zack Hamill wins face-off versus Mike Duco in Knights zone.
2:55 of 2nd period - Penalty to Nino Niederreiter is over, Nino Niederreiter is back on ice.
3:06 of 2nd period - Wrist shot by Ronalds Kenins.
3:06 of 2nd period - Stopped by Thomas Greiss with a rebound.
3:24 of 2nd period - Icing by Stefan Elliott.
3:25 of 2nd period - Cody Bass wins face-off versus Colin Greening in Tamiflu zone.
3:37 of 2nd period - Snap shot by Zach Trotman.
3:37 of 2nd period - Shot Blocked by Nathan Oystrick.
3:39 of 2nd period - Slapshot by Tomas Kundratek.
3:39 of 2nd period - Shot Blocked by Nathan Oystrick.
3:49 of 2nd period - Slapshot by A.J. Jenks.
3:49 of 2nd period - Stopped by Thomas Greiss with a rebound.
4:51 of 2nd period - Scott Jackson is hit by Adam Larsson and loses puck.
4:56 of 2nd period - Wrist shot by Mattias Tedenby.
4:56 of 2nd period - Shot Misses the Net.
4:58 of 2nd period - Snap shot by Colin Greening.
4:58 of 2nd period - Stopped by Jacob Markstrom with a rebound.
5:14 of 2nd period - Snap shot by Mattias Tedenby.
5:14 of 2nd period - Shot Misses the Net.
5:16 of 2nd period - Slapshot by Nathan Oystrick.
5:16 of 2nd period - Stopped by Jacob Markstrom with a rebound.
5:18 of 2nd period - Wrist shot by Mattias Tedenby.
5:18 of 2nd period - Shot Blocked by Scott Jackson.
5:20 of 2nd period - Snap shot by Colin Greening.
5:20 of 2nd period - Shot Misses the Net.
5:22 of 2nd period - Snap shot by Nathan Oystrick.
5:22 of 2nd period - Shot Misses the Net.
5:24 of 2nd period - Slapshot by Nathan Oystrick.
5:24 of 2nd period - Deflect By Colin Greening.
5:24 of 2nd period - Stopped by Jacob Markstrom without a rebound.
5:25 of 2nd period - Zack Hamill wins face-off versus Jamie Arniel in Knights zone.
5:50 of 2nd period - Slapshot by James Wright.
5:50 of 2nd period - Shot Blocked by Jordan Hendry.
5:56 of 2nd period - Snap shot by James Wright.
5:56 of 2nd period - Shot Hit the Post.
5:58 of 2nd period - Snap shot by Kevin Hayes.
5:58 of 2nd period - Stopped by Thomas Greiss with a rebound.
6:00 of 2nd period - Snap shot by Michael Stone.
6:00 of 2nd period - Deflect By Michael Raffl.
6:00 of 2nd period - Shot Blocked by Philip Samuelsson.
6:00 of 2nd period - Puck is out of play.
6:01 of 2nd period - Zack Hamill wins face-off versus Greg Mauldin in Tamiflu zone.
6:04 of 2nd period - Slapshot by Chris Thorburn.
6:04 of 2nd period - Shot Misses the Net.
6:14 of 2nd period - Wrist shot by Chris Thorburn.
6:14 of 2nd period - Shot Misses the Net.
6:16 of 2nd period - Wrist shot by Zack Hamill.
6:16 of 2nd period - Deflect By Chris Thorburn.
6:16 of 2nd period - Shot Hit the Post.
6:16 of 2nd period - Puck is out of play.
6:17 of 2nd period - Joe Colborne wins face-off versus Greg Mauldin in Tamiflu zone.
6:47 of 2nd period - Zack Hamill is hit by Robert Dome and loses puck.
7:41 of 2nd period - Ronalds Kenins is hit by Jamie Arniel and loses puck.
8:06 of 2nd period - Snap shot by James Wright.
8:06 of 2nd period - Deflect By Kevin Hayes.
8:06 of 2nd period - Stopped by Thomas Greiss without a rebound.
8:07 of 2nd period - Greg Mauldin wins face-off versus James Wright in Tamiflu zone.
8:07 of 2nd period - Greg Mauldin is hit by Zach Trotman.
9:07 of 2nd period - Off-side.
9:08 of 2nd period - Greg Mauldin wins face-off versus Zack Hamill in neutral zone.
9:31 of 2nd period - Jason Zucker is hit by Tye McGinn and loses puck.
10:00 of 2nd period - Slapshot by Jordan Hendry.
10:00 of 2nd period - Shot Blocked by Tomas Kundratek.
10:03 of 2nd period - Icing by Zach Trotman.
10:04 of 2nd period - Jamie Arniel wins face-off versus Zack Hamill in Knights zone.
10:19 of 2nd period - Jamie Arniel is hit by Zack Hamill and loses puck.
11:12 of 2nd period - Snap shot by Zack Hamill.
11:12 of 2nd period - Shot Misses the Net.
11:18 of 2nd period - Wrist shot by Zack Hamill.
11:18 of 2nd period - Shot Misses the Net.
11:20 of 2nd period - Slapshot by Zach Trotman.
11:20 of 2nd period - Deflect By Zack Hamill.
11:20 of 2nd period - Shot Misses the Net.
11:20 of 2nd period - Puck is out of play.
11:21 of 2nd period - Greg Mauldin wins face-off versus Joe Colborne in Tamiflu zone.
11:23 of 2nd period - Minor Penalty to Petr Pohl for Goalie Interference.
11:24 of 2nd period - James Wright wins face-off versus Jan Mursak in Tamiflu zone.
11:38 of 2nd period - Wrist shot by Michael Raffl.
11:38 of 2nd period - Shot Misses the Net.
11:56 of 2nd period - Michael Stone is hit by Philip Samuelsson and loses puck.
12:02 of 2nd period - Icing by Scott Jackson.
12:03 of 2nd period - James Wright wins face-off versus Jan Mursak in Knights zone.
12:38 of 2nd period - Nathan Oystrick is hit by Cody Bass and loses puck.
13:23 of 2nd period - Penalty to Petr Pohl is over, Petr Pohl is back on ice.
14:57 of 2nd period - Michael Stone is hit by Adam Larsson.
16:58 of 2nd period - Tomas Kundratek is hit by Tye McGinn and loses puck.
17:03 of 2nd period - Slapshot by Tye McGinn.
17:03 of 2nd period - Shot Blocked by Nikita Nikitin.
17:52 of 2nd period - Ronalds Kenins is hit by Greg Mauldin and loses puck.
18:05 of 2nd period - Michael Raffl is hit by Nino Niederreiter and loses puck.
18:18 of 2nd period - A.J. Jenks is hit by Mike Duco.
19:14 of 2nd period - Snap shot by Jamie Arniel.
19:14 of 2nd period - Shot Misses the Net.
19:39 of 2nd period - Petr Pohl is hit by Michael Stone and loses puck.
Goals for this period are 1 for Knights vs 0 for Tamiflu.
Shots for this period are 8 for Knights vs 5 for Tamiflu.
3rd period
0:01 of 3rd period - Greg Mauldin wins face-off versus James Wright in neutral zone.
0:30 of 3rd period - Icing by Jordan Hendry.
0:31 of 3rd period - Jamie Arniel wins face-off versus Joe Colborne in Tamiflu zone.
0:31 of 3rd period - Jamie Arniel is hit by Zach Trotman.
0:58 of 3rd period - Wrist shot by Adam Larsson.
0:58 of 3rd period - Stopped by Jacob Markstrom with a rebound.
1:29 of 3rd period - Snap shot by Ronalds Kenins.
1:29 of 3rd period - Stopped by Thomas Greiss without a rebound.
1:30 of 3rd period - James Wright wins face-off versus Greg Mauldin in Tamiflu zone.
1:33 of 3rd period - Backhand shot by James Wright.
1:33 of 3rd period - Stopped by Thomas Greiss without a rebound.
1:34 of 3rd period - Greg Mauldin wins face-off versus James Wright in Tamiflu zone.
1:41 of 3rd period - Snap shot by Michael Raffl.
1:41 of 3rd period - Shot Misses the Net.
1:43 of 3rd period - Snap shot by Michael Raffl.
1:43 of 3rd period - Stopped by Thomas Greiss with a rebound.
1:45 of 3rd period - Slapshot by Scott Jackson.
1:45 of 3rd period - Stopped by Thomas Greiss with a rebound.
1:47 of 3rd period - Wrist shot by James Wright.
1:47 of 3rd period - Stopped by Thomas Greiss without a rebound.
1:48 of 3rd period - Greg Mauldin wins face-off versus Zack Hamill in Tamiflu zone.
1:53 of 3rd period - Nikita Nikitin is hit by Philip Samuelsson and loses puck.
2:02 of 3rd period - Petr Pohl is hit by Nikita Nikitin and loses puck.
2:13 of 3rd period - Nikita Nikitin is hit by Philip Samuelsson and loses puck.
2:22 of 3rd period - Snap shot by Mattias Tedenby.
2:22 of 3rd period - Stopped by Jacob Markstrom without a rebound.
2:23 of 3rd period - Joe Colborne wins face-off versus Jamie Arniel in Knights zone.
2:23 of 3rd period - Joe Colborne is hit by Adam Larsson.
2:55 of 3rd period - Wrist shot by Zack Hamill.
2:55 of 3rd period - Deflect By Jason Zucker.
2:55 of 3rd period - Stopped by Thomas Greiss with a rebound.
2:57 of 3rd period - Slapshot by Scott Jackson.
2:57 of 3rd period - Shot Blocked by Nathan Oystrick.
2:59 of 3rd period - Snap shot by Chris Thorburn.
2:59 of 3rd period - Stopped by Thomas Greiss with a rebound.
3:01 of 3rd period - Snap shot by Jason Zucker.
3:01 of 3rd period - Stopped by Thomas Greiss with a rebound.
3:07 of 3rd period - Minor Penalty to Adam Larsson for Hooking.
3:08 of 3rd period - Jan Mursak wins face-off versus Zack Hamill in Tamiflu zone.
5:05 of 3rd period - Icing by Kevin Hayes.
5:06 of 3rd period - Zack Hamill wins face-off versus Colin Greening in Knights zone.
5:07 of 3rd period - Penalty to Adam Larsson is over, Adam Larsson is back on ice.
5:21 of 3rd period - Snap shot by Jamie Arniel.
5:21 of 3rd period - Stopped by Jacob Markstrom with a rebound.
5:23 of 3rd period - Wrist shot by Robert Dome.
5:23 of 3rd period - Shot Misses the Net.
5:25 of 3rd period - Snap shot by Robert Dome.
5:25 of 3rd period - Shot Blocked by Josh Jooris.
6:07 of 3rd period - Snap shot by Rich Clune.
6:07 of 3rd period - Stopped by Jacob Markstrom without a rebound.
6:08 of 3rd period - James Wright wins face-off versus Casey Wellman in Knights zone.
6:12 of 3rd period - Off-side.
6:13 of 3rd period - James Wright wins face-off versus Greg Mauldin in neutral zone.
6:21 of 3rd period - Off-side.
6:22 of 3rd period - Greg Mauldin wins face-off versus James Wright in neutral zone.
6:37 of 3rd period - Slapshot by Petr Pohl.
6:37 of 3rd period - Stopped by Jacob Markstrom with a rebound.
6:39 of 3rd period - Slapshot by Philip Samuelsson.
6:39 of 3rd period - Deflect By James Wright.
6:39 of 3rd period - Stopped by Jacob Markstrom with a rebound.
6:41 of 3rd period - Wrist shot by Jordan Hendry.
6:41 of 3rd period - Stopped by Jacob Markstrom with a rebound.
7:09 of 3rd period - James Wright is hit by Petr Pohl and loses puck.
7:14 of 3rd period - Snap shot by Petr Pohl.
7:14 of 3rd period - Shot Blocked by Michael Raffl.
7:22 of 3rd period - Slapshot by Greg Mauldin.
7:22 of 3rd period - Shot Blocked by Michael Stone.
7:24 of 3rd period - Backhand shot by Tye McGinn.
7:24 of 3rd period - Stopped by Jacob Markstrom with a rebound.
7:26 of 3rd period - Slapshot by Stefan Elliott.
7:26 of 3rd period - Stopped by Jacob Markstrom with a rebound.
7:28 of 3rd period - Snap shot by Stefan Elliott.
7:28 of 3rd period - Deflect By Greg Mauldin.
7:28 of 3rd period - Stopped by Jacob Markstrom with a rebound.
7:30 of 3rd period - Slapshot by Stefan Elliott.
7:30 of 3rd period - Shot Misses the Net.
7:44 of 3rd period - Tye McGinn is hit by James Wright and loses puck.
7:57 of 3rd period - Michael Stone is hit by Petr Pohl and loses puck.
8:04 of 3rd period - Slapshot by Petr Pohl.
8:04 of 3rd period - Shot Blocked by James Wright.
8:06 of 3rd period - Slapshot by Nathan Oystrick.
8:06 of 3rd period - Stopped by Jacob Markstrom without a rebound.
8:07 of 3rd period - Zack Hamill wins face-off versus Jamie Arniel in Knights zone.
8:07 of 3rd period - Zack Hamill is hit by Robert Dome.
8:16 of 3rd period - Minor Penalty to Adam Larsson for Hooking.
8:17 of 3rd period - Zack Hamill wins face-off versus Mike Duco in Tamiflu zone.
8:31 of 3rd period - Slapshot by Chris Thorburn.
8:31 of 3rd period - Shot Blocked by Mike Duco.
8:33 of 3rd period - Snap shot by Jason Zucker.
8:33 of 3rd period - Stopped by Thomas Greiss with a rebound.
9:05 of 3rd period - Jamie Arniel is hit by Cody Bass and loses puck.
9:35 of 3rd period - Wrist shot by Philip Samuelsson.
9:35 of 3rd period - Shot Blocked by Tomas Kundratek.
10:16 of 3rd period - Penalty to Adam Larsson is over, Adam Larsson is back on ice.
10:43 of 3rd period - Wrist shot by Greg Mauldin.
10:43 of 3rd period - Deflect By Tye McGinn.
10:43 of 3rd period - Shot Blocked by Tomas Kundratek.
10:43 of 3rd period - Puck is out of play.
10:44 of 3rd period - Greg Mauldin wins face-off versus James Wright in Knights zone.
11:03 of 3rd period - Adam Larsson is hit by Josh Jooris.
11:07 of 3rd period - Petr Pohl is hit by Ronalds Kenins and loses puck.
11:24 of 3rd period - Colin Greening is hit by Nikita Nikitin and loses puck.
12:32 of 3rd period - Zach Trotman is hit by Colin Greening and loses puck.
12:42 of 3rd period - Off-side.
12:43 of 3rd period - James Wright wins face-off versus Greg Mauldin in neutral zone.
12:46 of 3rd period - Slapshot by Scott Lehman.
12:46 of 3rd period - Deflect By Greg Mauldin.
12:46 of 3rd period - Stopped by Thomas Greiss without a rebound.
12:47 of 3rd period - Greg Mauldin wins face-off versus James Wright in Tamiflu zone.
13:32 of 3rd period - Jordan Hendry is hit by Ronalds Kenins and loses puck.
14:08 of 3rd period - Icing by Jordan Hendry.
14:09 of 3rd period - Casey Wellman wins face-off versus James Wright in Tamiflu zone.
14:25 of 3rd period - Snap shot by Jamie Arniel.
14:25 of 3rd period - Stopped by Jacob Markstrom without a rebound.
14:26 of 3rd period - Greg Mauldin wins face-off versus Zack Hamill in Knights zone.
15:17 of 3rd period - Minor Penalty to James Wright for Slashing.
15:18 of 3rd period - Greg Mauldin wins face-off versus Cody Bass in Knights zone.
15:52 of 3rd period - Slapshot by Stefan Elliott.
15:52 of 3rd period - Deflect By Petr Pohl.
15:52 of 3rd period - Stopped by Jacob Markstrom with a rebound.
15:54 of 3rd period - Slapshot by Adam Larsson.
15:54 of 3rd period - Tamiflu goal is going for a video replay.
15:54 of 3rd period - The goal is refused. The attacking player has interfered with a goalkeeper in his goal crease..
15:55 of 3rd period - Cody Bass wins face-off versus Jamie Arniel in Knights zone.
16:16 of 3rd period - Wrist shot by Greg Mauldin.
16:16 of 3rd period - Shot Misses the Net.
16:18 of 3rd period - Snap shot by Robert Dome.
16:18 of 3rd period - Stopped by Jacob Markstrom without a rebound.
16:19 of 3rd period - Cody Bass wins face-off versus Greg Mauldin in Knights zone.
16:21 of 3rd period - Minor Penalty to Cody Bass for Interference.
16:22 of 3rd period - Joe Colborne wins face-off versus Greg Mauldin in Knights zone.
17:04 of 3rd period - Wrist shot by Zach Trotman.
17:04 of 3rd period - Shot Misses the Net.
17:06 of 3rd period - Slapshot by Zach Trotman.
17:06 of 3rd period - Stopped by Thomas Greiss without a rebound.
17:07 of 3rd period - Joe Colborne wins face-off versus Greg Mauldin in Tamiflu zone.
17:17 of 3rd period - Penalty to James Wright is over, James Wright is back on ice.
17:20 of 3rd period - Slapshot by Tye McGinn.
17:20 of 3rd period - Goal by Tye McGinn - Knights : 2 - Tamiflu : 1.
17:21 of 3rd period - Colin Greening wins face-off versus Ronalds Kenins in neutral zone.
17:24 of 3rd period - Slapshot by Philip Samuelsson.
17:24 of 3rd period - Deflect By Mattias Tedenby.
17:24 of 3rd period - Shot Misses the Net.
17:24 of 3rd period - Puck is out of play.
17:25 of 3rd period - Colin Greening wins face-off versus Joe Colborne in Knights zone.
17:56 of 3rd period - Wrist shot by Tye McGinn.
17:56 of 3rd period - Stopped by Jacob Markstrom with a rebound.
17:58 of 3rd period - Slapshot by Jordan Hendry.
17:58 of 3rd period - Stopped by Jacob Markstrom without a rebound.
17:59 of 3rd period - Greg Mauldin wins face-off versus Joe Colborne in Knights zone.
18:24 of 3rd period - Chris Thorburn is hit by Colin Greening.
18:28 of 3rd period - Slapshot by Tomas Kundratek.
18:28 of 3rd period - Stopped by Thomas Greiss without a rebound.
18:29 of 3rd period - Colin Greening wins face-off versus Zack Hamill in Tamiflu zone.
18:41 of 3rd period - Icing by Michael Stone.
18:42 of 3rd period - Zack Hamill wins face-off versus Colin Greening in Knights zone.
18:42 of 3rd period - Zack Hamill is hit by Mike Duco.
19:19 of 3rd period - Minor Penalty to Petr Pohl for Holding Stick.
19:20 of 3rd period - Jan Mursak wins face-off versus James Wright in Tamiflu zone.
19:58 of 3rd period - Icing by James Wright.
19:59 of 3rd period - Jamie Arniel wins face-off versus James Wright in Knights zone.
Goals for this period are 0 for Knights vs 1 for Tamiflu.
Shots for this period are 12 for Knights vs 18 for Tamiflu.
Back to the Top